 Dungeon Crawl Stone Soup version 0.28.0-62-gf88900778d (webtiles) character file.

Game seed: 5143658595810410368

4648 TittyCrusher the Destroyer (level 10, -3/61 (63) HPs)
             Began as an Octopode Conjurer on Apr 6, 2022.
             Was an Initiate of Vehumet.
             Slain by a wight
             ... wielding a +0 morningstar
              (13 damage)
             ... on level 8 of the Dungeon on Apr 4, 2023.
             The game lasted 01:03:55 (11598 turns).

TittyCrusher the Destroyer (Octopode Conjurer)     Turns: 11598, Time: 01:03:56

HP:   -3/61 (63)    AC:  1    Str:  6    XL:     10   Next: 43%
MP:   16/17         EV: 15    Int: 26    God:    Vehumet [......]
Gold: 268           SH:  8    Dex: 16    Spells: 4/19 levels left

rFire   + . .      SeeInvis .   a - +3 spear
rCold   + + .      Faith    .   e - +3 buckler
rNeg    . . .      Spirit   .   (helmet restricted)
rPois   +          Reflect  .   (no amulet)
rElec   +          Harm     .   i - ring of protection from cold
rCorr   +          Rampage  .   H - +6 ring of dexterity
Will    .....                   (no ring)
Stlth   +++.......              (no ring)
HPRegen 0.20/turn               (no ring)
MPRegen 0.15/turn               (no ring)
                                (no ring)
                                (no ring)

@: mighty, resistant, weak-willed, lightly drained
A: almost no armour, amphibious, 8 rings, camouflage 1, gelatinous body 1,
(nimble swimmer 1), tentacles
a: Renounce Religion


You were on level 8 of the Dungeon.
You worshipped Vehumet.
Vehumet was noncommittal.
You visited 2 branches of the dungeon, and saw 9 of its levels.

You collected 268 gold pieces.

Inventory:

Hand Weapons
 a - a +3 spear (weapon)
 q - a +4 flail of freezing
 r - a +1 vampiric dagger
 B - a +0 shortbow
 E - a +6 club
 J - a +3 spear of flaming
Missiles
 f - 243 stones
 m - 15 poisoned darts (quivered)
 o - 2 throwing nets
 p - 30 sling bullets
 C - 84 arrows
Armour
 e - a +3 buckler (worn)
 I - a +0 kite shield
Magical Staves
 K - a staff of cold
Jewellery
 i - a ring of protection from cold (left tentacle)
 j - an amulet of guardian spirit
 H - a +6 ring of dexterity (right tentacle)
Wands
 w - a wand of iceblast (1)
 F - a wand of polymorph (1)
Scrolls
 k - a scroll of amnesia
 n - a scroll of fog
 z - a scroll of acquirement
Potions
 b - a potion of berserk rage
 x - a potion of haste {unknown}
 D - a potion of mutation {unknown}


   Skills:
 - Level 3.9 Fighting
 + Level 6.3 Dodging
 - Level 2.6 Stealth
 - Level 2.3 Shields
 - Level 5.2 Spellcasting
 - Level 11.0 Conjurations
 - Level 4.3 Hexes
 - Level 2.7 Translocations


You had 4 spell levels left.
You knew the following spells:

 Your Spells              Type           Power      Damage    Failure   Level
a - Magic Dart            Conj           100%       1d8       1%          1
b - Searing Ray           Conj           100%       2d8       1%          2
c - Fulminant Prism       Conj/Hex       23%        3d13      4%          4
d - Iskenderun's Mystic   Conj/Tloc      42%        2d10      6%          4
e - Dazzling Flash        Conj/Hex       92%        N/A       1%          3
f - Apportation           Tloc           42%        N/A       3%          1

Your spell library contained the following spells:

 Spells                   Type           Power      Damage    Failure   Level
 Ensorcelled Hibernation  Hex/Ice        36%        N/A       6%          2
 Animate Skeleton         Necr           12%        N/A       10%         1
 Pain                     Necr           24%        1d5       10%         1
 Passwall                 Tmut/Erth      5%         N/A       16%         2
 Sublimation of Blood     Necr           6%         N/A       16%         2
 Wereblood                Tmut           6%         N/A       16%         2
 Swiftness                Air            6%         N/A       30%         3
 Vampiric Draining        Necr           6%         2d6       30%         3
 Alistair's Intoxication  Tmut/Pois      4%         N/A       95%         5
 Summon Hydra             Summ           3%         N/A       100%        7


Dungeon Overview and Level Annotations

Branches:
Dungeon (8/15)             Temple (1/1) D:7            Lair (0/6) D:8

Altars:
Ashenzari
Cheibriados
Dithmenos
Elyvilon
Fedhas
Hepliaklqana
Makhleb
Okawaru
Qazlal
Sif Muna
Trog
Vehumet
Wu Jian
The Shining One

Shops:
D:5 :

Annotations:
D:1 exclusion: downstairs
D:2 exclusion: downstairs
D:3 exclusion: downstairs
D:4 1 runed translucent door, Crazy Yiuf


Innate Abilities, Weirdness & Mutations

You cannot wear most types of armour.
You are amphibious.
You can wear up to eight rings at the same time.
Your skin changes colour to match your surroundings (Stealth+).
Your rubbery body absorbs attacks. (AC +1, EV +1)
((You are camouflaged when in or above water. (Stealth+)))
You have tentacles for arms and can constrict up to eight enemies at once.


Message History

You miss the killer bee. Your grab misses the killer bee.
The killer bee is almost dead.
Your hearing returns.
You feel sick. The killer bee barely misses you. The killer bee stings you.
Okay, then.
As you read the scroll labelled CYLEPP HIPPI, it crumbles to dust.
You feel strangely unstable.
It was a scroll of teleportation.
You feel sick. The killer bee closely misses you. The killer bee misses you.
You feel sick. The killer bee stings you.
You feel sick. You block the killer bee's attack.
Your surroundings suddenly seem different.
A wight comes into view. It is wielding a +0 scimitar.
You feel sick. The wight misses you. The killer bee completely misses you.
Okay, then.
Unknown command.
You feel sick.
You are no longer poisoned.
You block the wight's attack.
The yak snorts and paws the ground.
The wight throws a boomerang.
The boomerang hits you! The killer bee completely misses you.
You block the scorpion's attack. You block the killer bee's attack.
This is a scroll of acquirement!
As you read the scroll labelled FAXKAIWKOSH, it crumbles to dust.
Magic quickly surges around you.
It was a scroll of vulnerability.
You hear the quick creaking of a portcullis nearby.
You block the killer bee's attack. The wight closely misses you.
You block the scorpion's attack. The wight misses you. x2
The killer bee closely misses you. The wight hits you with a +5 dagger!
* * * LOW HITPOINT WARNING * * *
You feel drained.
* * * LOW HITPOINT WARNING * * *
Okay, then.
Okay, then.
You feel better. The killer bee closely misses you.
The wight hits you from afar with a +3 spear!
* * * LOW HITPOINT WARNING * * *
You block the scorpion's attack. You block the wight's attack.
The wight hits you with a +0 morningstar!
You die...

#.# #...#.###*,** #.# #y..#K#
*,* #.# #.#K#.# *,* #### #.#
#)#.KK# *,* ...# ######.#
#.#<..# *,* ...# #......#
#.##..# *,** ...# #.....Y#
#..,..#* *,,, ...# #....yz#
##.,...# **** ...# #.lyyz@#
*,*##.#* ...########y.zYsz# *,*
*..* .......y.)....zY.#
**,***..#*
....#######...YY.#***,,,,,*..*
...)#######.##......,,,,,,,,,**
).........#.##.....♣..,,,,,,,,*
....###..............,,,,,,,,,*
†)..#
*,...###........,,,,,,,,**
###)###....#
###......,,,,,,,,,*


You could see 5 yaks, a basilisk (weak-willed), a scorpion (weak-willed), 4
killer bees and 5 wights.

Vanquished Creatures
  Harold (D:8)
  A gargoyle (D:5)
  Sigmund (D:3)
  A wyvern (D:8)
  Eustachio (D:5)
  Menkaure (D:6)
  A steam dragon (D:7)
  4 water moccasins
  3 black bears
  A sky beast (D:5)
  An ice beast (D:6)
  3 ogres
  3 centaurs
  A kobold brigand (D:7)
  Blork the orc (D:4)
  2 scorpions
  A gnoll sergeant (D:7)
  A water moccasin skeleton (D:5)
  2 killer bees (D:8)
  7 wights
  A centaur zombie (D:7)
  A bullfrog zombie (D:5)
  2 jellies (D:6)
  2 bullfrog skeletons
  A centaur skeleton (D:5)
  An orc priest (D:4)
  2 hounds
  A gnoll shaman (D:8)
  An iguana (D:3)
  7 orc wizards
  Natasha (thrice) (D:3)
  Ijyb (D:4)
  A killer bee zombie (D:7)
  A hound skeleton (D:5)
  Robin (D:3)
  14 gnolls
  3 adders
  An adder skeleton (D:4)
  2 worms (D:3)
  3 dart slugs
  19 orcs
  6 ball pythons
  4 bats
  5 endoplasms
  6 giant cockroaches
  13 goblins
  9 hobgoblins
  8 quokkas
  3 frilled lizards
  8 kobolds
  5 rats
172 creatures vanquished.

Vanquished Creatures (others)
  2 bushes (D:8)
  69 fulminant prisms
  9 fungi (D:8)
  26 plants (D:8)
106 creatures vanquished.

Grand Total: 278 creatures vanquished

Notes
Turn   | Place    | Note
-------+----------+-------------------------------------------
     0 | D:1      | TittyCrusher the Octopode Conjurer began the quest for the
                  | Orb.
     0 | D:1      | Reached XP level 1. HP: 11/11 MP: 3/3
   287 | D:1      | Reached XP level 2. HP: 17/17 MP: 0/5
   290 | D:1      | Learned a level 2 spell: Searing Ray
   755 | D:1      | Reached XP level 3. HP: 21/21 MP: 5/7
  1190 | D:2      | Found a bloodstained altar of Trog.
  1835 | D:2      | Upgraded the game from 0.28.0-45-g0d030f2227 to
                  | 0.28.0-62-gf88900778d
  2204 | D:3      | Reached XP level 4. HP: 27/27 MP: 7/9
  2214 | D:2      | Learned a level 4 spell: Fulminant Prism
  2406 | D:3      | Found a faded altar of an unknown god.
  2672 | D:3      | Noticed Sigmund
  2959 | D:3      | Reached XP level 5. HP: 31/31 MP: 8/11
  3025 | D:3      | Noticed Robin
  3123 | D:3      | Killed Robin
  3157 | D:3      | You fall into a shaft and drop 3 floors!
  3157 | D:6      | Noticed a black bear
  3167 | D:5      | Entered Level 5 of the Dungeon
  3167 | D:5      | Noticed a gargoyle
  3311 | D:4      | Reached skill level 5 in Spellcasting
  3337 | D:4      | Reached skill level 1 in Hexes
  3337 | D:4      | Reached XP level 6. HP: 36/36 MP: 2/13
  3846 | D:3      | Noticed Natasha
  3850 | D:3      | Killed Natasha
  3938 | D:3      | Learned a level 4 spell: Iskenderun's Mystic Blast
  4081 | D:4      | Noticed Ijyb
  4088 | D:4      | Killed Ijyb
  4089 | D:4      | Noticed Blork the orc
  4342 | D:3      | Noticed Natasha
  4345 | D:3      | Killed Natasha
  4384 | D:3      | Noticed Natasha
  4393 | D:3      | Killed Natasha
  5061 | D:4      | Killed Blork the orc
  5062 | D:4      | Reached XP level 7. HP: 36/41 MP: 6/14
  5479 | D:3      | Reached skill level 5 in Conjurations
  5877 | D:4      | Found a bloodstained altar of Trog.
  6180 | D:4      | Found a runed translucent door.
  6181 | D:4      | Noticed Crazy Yiuf
  6429 | D:5      | Reached skill level 6 in Conjurations
  6493 | D:5      | Reached XP level 8. HP: 46/46 MP: 10/15
  6770 | D:5      | Reached skill level 7 in Conjurations
  6883 | D:5      | Found Ogedan's Book Boutique.
  6978 | D:5      | Killed a gargoyle
  6979 | D:5      | Reached skill level 8 in Conjurations
  7166 | D:5      | Noticed Eustachio
  7301 | D:5      | Killed Eustachio
  7302 | D:5      | Reached skill level 9 in Conjurations
  7394 | D:4      | Learned a level 3 spell: Dazzling Flash
  7587 | D:3      | Killed Sigmund
  7588 | D:3      | Reached XP level 9. HP: 51/51 MP: 7/16
  7756 | D:5      | Learned a level 1 spell: Apportation
  7903 | D:5      | Reached skill level 10 in Conjurations
  8386 | D:6      | Noticed Menkaure
  8389 | D:6      | Reached skill level 1 in Translocations
  8392 | D:6      | Killed Menkaure
  8550 | D:6      | Found a glowing golden altar of the Shining One.
  8554 | D:6      | Found an iron altar of Okawaru.
  8558 | D:6      | Reached skill level 1 in Fighting
  8559 | D:6      | Found an ornate altar of the Wu Jian Council.
  9575 | D:7      | Reached skill level 1 in Shields
 10438 | D:7      | Reached XP level 10. HP: 56/63 MP: 9/17
 10499 | D:7      | Found a staircase to the Ecumenical Temple.
 10511 | D:7      | Reached skill level 5 in Dodging
 10640 | Temple   | Entered the Ecumenical Temple
 10795 | Temple   | Became a worshipper of Vehumet
 10895 | D:7      | Found a broken altar of Ashenzari.
 10944 | D:7      | Found a hazy altar of Hepliaklqana.
 11221 | D:8      | Noticed Harold
 11578 | D:8      | Killed Harold
 11579 | D:8      | Reached skill level 11 in Conjurations
 11597 | D:8      | Identified a scroll of acquirement
 11598 | D:8      | Slain by a wight

Illustrated notes

Levels and vault maps discovered:
D:1:      dpeg_arrival_rooms_b, layout_loops_ring
D:2:      layout_basic, basic_altar, serial_glass, glass_columns_c,
          glass_columns_b
D:3:      layout_loops_corners, basic_ecumenical_altar,
          kennysheep_generic_room_7, uniq_robin, uniq_natasha, uniq_sigmund
D:4:      layout_rooms, mainiacjoe_overflow_alcove_2, uniq_ijyb,
          uniq_blork_the_orc, uniq_crazy_yiuf_cottage
D:5:      layout_loops_cross, serial_shops, shop, minmay_misc_feat_five,
          uniq_eustachio
D:6:      layout_cave_pools, minitemple, portal_sewer_entry_f, uniq_menkaure
D:7:      layout_basic, old_standard_altar, general_overflow_altar,
          minmay_temple_entry_mist
D:8:      layout_basic, minmay_lair_entry_grove, enter_bailey_6, uniq_harold
Temple:   minmay_temple_forest_path

Skill      XL: |  1  2  3  4  5  6  7  8  9 10 |
---------------+-------------------------------+-----
Spellcasting   | 3 4 5 |  5.2
Hexes          | 1 4 |  4.3
Conjurations   | 6 9 10 11 | 11.0
Translocations | 2 |  2.7
Fighting       | 3 |  3.9
Shields        | 2 |  2.3
Dodging        | 4 6 |  6.3
Stealth        | |  2.6

Action                   |  1- 3 |  4- 6 |  7- 9 | 10-12 || total
-------------------------+-------+-------+-------+-------++-------
Melee: Whip              |     2 |       |       |       ||     2
       Dagger            |    21 |     3 |       |       ||    24
       Tentacles         |     5 |     4 |     7 |     4 ||    20
       Constrict         |     4 |     6 |     6 |     5 ||    21
       Club              |       |    35 |     9 |       ||    44
       Punch             |       |     1 |       |       ||     1
       Spear             |       |       |    17 |    25 ||    42
 Cast: Magic Dart        |    48 |    94 |    56 |       ||   198
       Searing Ray       |     4 |    12 |    15 |     2 ||    33
       Fulminant Prism   |       |     1 |    54 |    14 ||    69
       Apportation       |       |       |     4 |     1 ||     5
       Dazzling Flash    |       |       |       |     2 ||     2
  Use: Scroll            |       |     3 |     7 |     8 ||    18
       Potion            |       |     2 |     1 |     8 ||    11
 Stab: Sleeping          |       |       |       |     1 ||     1
Armor: Skin              |     2 |     2 |     1 |     1 ||     6
Dodge: Dodged            |    12 |    27 |    24 |    43 ||   106
Block: Buckler           |       |       |     3 |    21 ||    24
